 Dungeon Crawl Stone Soup version 0.29-a0-271-gd4eb659eea (webtiles) character file.

Game seed: 9046046687886246538

2695 rabbitsville the Reanimator (level 9, -2/51 HPs)
             Began as a Demonspawn Necromancer on Mar 8, 2022.
             Was a Believer of Hepliaklqana.
             Slain by a two-headed ogre
             ... wielding a +0 giant club
              (22 damage)
             ... on level 7 of the Dungeon on Mar 9, 2022.
             The game lasted 00:43:53 (7225 turns).

rabbitsville the Reanimator (DsNe)                  Turns: 7225, Time: 00:43:54

Health: -2/51      AC:  9    Str: 13    XL:     9   Next: 38%
Magic:  16/19      EV: 10    Int: 19    God:    Hepliaklqana [**....]
Gold:   96         SH:  4    Dex: 14    Spells: 18/22 levels left

rFire   . . .      SeeInvis +   c - +3 short sword
rCold   . . .      Faith    .   (no shield)
rNeg    . . .      Spirit   .   J - +1 ring mail "Wiku" {rElec rPois}
rPois   +          Reflect  .   (helmet unavailable)
rElec   +          Harm     .   (no cloak)
rCorr   +          Rampage  .   B - +1 pair of gloves {Str+3}
Will    +....                   D - +0 pair of boots
Stlth   +.........              n - amulet of regeneration
HPRegen 0.97/turn               f - ring of resist corrosion
MPRegen 0.32/turn               G - ring of willpower

@: no status effects
A: reduced essence, antennae 3, magic regeneration, condensation shield
a: Renounce Religion, Recall Ancestor, Ancestor Identity


You were on level 7 of the Dungeon.
You worshipped Hepliaklqana.
Hepliaklqana was pleased with you.
You visited 2 branches of the dungeon, and saw 10 of its levels.

You collected 330 gold pieces.
You spent 234 gold pieces at shops.

Inventory:

Hand Weapons
 c - a +3 short sword (weapon)
 x - a +2 dagger of electrocution
Missiles
 o - 23 poisoned darts
 y - 4 javelins
 I - a throwing net
Armour
 a - a +0 robe
 B - a +1 pair of gloves of strength (worn)
 D - a +0 pair of boots (worn)
 J - the +1 ring mail "Wiku" (worn) {rElec rPois}
   (You bought it in a shop on level 8 of the Dungeon)

   rElec:     It insulates you from electricity.
   rPois:     It protects you from poison.
Jewellery
 e - a +6 ring of strength
 f - a ring of resist corrosion (left hand)
 h - an amulet of reflection
 n - an amulet of regeneration (around neck)
 s - a +6 ring of strength
 t - a +4 ring of evasion
 u - a +6 ring of strength
 G - a ring of willpower (right hand)
Wands
 A - a wand of iceblast (19)
 L - a wand of acid (12)
 N - a wand of mindburst (19)
Scrolls
 d - a scroll of blinking {unknown}
 g - a scroll of immolation {unknown}
 i - a scroll of fear {unknown}
 k - 2 scrolls of teleportation
 l - 2 scrolls of enchant armour {unknown}
 m - 3 scrolls of identify
 p - a scroll of amnesia {unknown}
 q - a scroll of enchant weapon {unknown}
 r - a scroll of acquirement {unknown}
 w - a scroll of fog {unknown}
 E - a scroll of noise {unknown}
Potions
 b - a potion of magic
 j - 2 potions of flight
 v - a potion of brilliance {unknown}
 z - a potion of degeneration {unknown}
 C - a potion of might {unknown}
 F - a potion of resistance {unknown}
 H - a potion of attraction
 K - a potion of lignification
 M - a potion of curing {unknown}


   Skills:
 - Level 1.7 Dodging
 - Level 1.7 Stealth
 + Level 7.1 Spellcasting
 * Level 12.2 Necromancy


You had 18 spell levels left.
You knew the following spells:

 Your Spells              Type           Power      Damage    Failure   Level
a - Pain                  Necr           100%       1d9       1%          1
b - Vampiric Draining     Necr           52%        2d9       1%          3

Your spell library contained the following spells:

 Spells                   Type           Power      Damage    Failure   Level
 Animate Skeleton         Necr           100%       N/A       1%          1
 Animate Dead             Necr           26%        N/A       1%          4
 Agony                    Necr           52%        N/A       4%          5
 Shock                    Conj/Air       24%        1d4       22%         1
 Blink                    Tloc           12%        N/A       32%         2
 Inner Flame              Hex/Fire       6%         N/A       54%         3
 Lesser Beckoning         Tloc           6%         N/A       54%         3
 Swiftness                Air            6%         N/A       54%         3
 Airstrike                Air            3%         N/A       91%         4
 Cause Fear               Hex            3%         N/A       91%         4
 Olgreb's Toxic Radiance  Pois           6%         N/A       91%         4
 Manifold Assault         Tloc           6%         N/A       99%         5
 Dispersal                Tloc           3%         N/A       100%        6
 Ozocubu's Refrigeration  Ice            3%         4d5       100%        7
 Discord                  Hex            3%         N/A       100%        8
 Disjunction              Tloc           3%         N/A       100%        8
 Ignition                 Fire           3%         3d4       100%        8


Dungeon Overview and Level Annotations

Branches:
Dungeon (9/15)             Temple (1/1) D:7            Lair (0/6) D:9
    Orc: D:9-12

Altars:
Dithmenos
Fedhas
Hepliaklqana
Okawaru
Qazlal
Trog
Uskayaw
Yredelemnul
Zin
The Shining One

Shops:
D:7 =   D:8 [

Annotations:
D:3 1 runed translucent door, Crazy Yiuf
D:5 exclusion: sky beast, Menkaure


Innate Abilities, Weirdness & Mutations

Your life essence is reduced to manifest your ancestor. (-10% HP)
You have a pair of large antennae on your head. (SInv)
You regenerate magic rapidly.
A meltable shield of frost defends you. (SH +4)


Message History

o - 23 poisoned darts (gained 1)
You open the door.
There is an open door here.
You open the door.
There is an open door here.
There is an open door here.
Found a glowing golden altar of the Shining One.
There is a glowing golden altar of the Shining One here.
N - a wand of mindburst (19)
There is an open door here.
You sense a monster nearby.
An orc comes into view. It is wielding a +0 club.
Aiming: Pain (safe; 1% risk of failure)
Press: ? - help, Q - select action, (/) - cycle Shift-Dir - straight line, f - orc
Aim: an orc, wielding a +0 club (chance to affect: 93%)
The orc writhes in agony.
Aiming: Pain (safe; 1% risk of failure)
Press: ? - help, Q - select action, (/) - cycle Shift-Dir - straight line, f/p - orc
Aim: an orc, wielding a +0 club (moderately wounded, ally target, chance to affect: 93%)
The orc writhes in agony.
Izel hits the orc with a +0 flail.
The orc dies!
Aiming: Pain (safe; 1% risk of failure)
Press: ? - help, Q - select action, (/) - cycle Shift-Dir - straight line, f - two-headed ogre
Aim: a two-headed ogre, wielding two +0 giant clubs (chance to affect: 70%)
The two-headed ogre writhes in agony.
Izel hits the two-headed ogre with a +0 flail.
Aiming: Pain (safe; 1% risk of failure)
Press: ? - help, Q - select action, (/) - cycle Shift-Dir - straight line, f/p - two-headed ogre
Aim: a two-headed ogre, wielding two +0 giant clubs (lightly wounded, ally target, chance to affect: 70%)
The two-headed ogre writhes in agony.
Aiming: Pain (safe; 1% risk of failure)
Press: ? - help, Q - select action, (/) - cycle Shift-Dir - straight line, f/p - two-headed ogre
Aim: a two-headed ogre, wielding two +0 giant clubs (lightly wounded, ally target, chance to affect: 70%)
The two-headed ogre writhes in agony.
The two-headed ogre attacks as you move away!
The two-headed ogre hits you with a +0 giant club!!
Ouch! That really hurt!
The two-headed ogre hits you with a +0 giant club!!
You die...

..... ........# ..##
######..#### ..# ##..##.# .#
#......# # #......# #..R...#
##'###.# #
####..#######.##.#######
......#......@OR...........'..
......#.....!..............#O.
.
#...###.##.###).#########<#.#
..###...######'# #..# #..O..
.............#.. ..... ##.#.#
.............#.. ...... #.....
.............#..{.......
##.#.# .............#.
........ #..... .............#
##.#.#


You could see the friendly Izel the knight and a two-headed ogre (ally target).

Vanquished Creatures
  An unseen horror (D:7)
  Prince Ribbit (D:6)
  A hornet (D:7)
  Sigmund (D:4)
  An ice beast (D:5)
  A sky beast (D:7)
  An ogre (D:7)
  A centaur (D:8)
  A gnoll sergeant (D:6)
  A bullfrog (D:6)
  2 scorpions
  A hound (D:6)
  An orc priest (D:6)
  A gnoll shaman (D:7)
  Jessica (D:2)
  An iguana (D:6)
  An orc wizard (D:6)
  5 gnolls
  5 adders
  3 dart slugs
  13 orcs
  9 ball pythons
  9 endoplasms
  2 giant cockroaches
  5 goblins
  3 hobgoblins (D:1)
  4 jackals (D:3)
  3 quokkas
  4 bats
  7 frilled lizards
  10 kobolds
  5 rats
105 creatures vanquished.

Vanquished Creatures (collateral kills)
  A kobold demonologist (Temple)
  2 water moccasins (D:6)
  2 ice beasts
  An ogre (D:6)
  A centaur (Temple)
  A jelly (D:6)
  2 gnolls (D:6)
  A white imp (D:6)
  3 orcs
14 creatures vanquished.

Vanquished Creatures (others)
  An ancestor (D:6)
  26 plants (D:9)
27 creatures vanquished.

Grand Total: 146 creatures vanquished

Notes
Turn   | Place    | Note
-------+----------+-------------------------------------------
     0 | D:1      | rabbitsville the Demonspawn Necromancer began the quest for
                  | the Orb.
     0 | D:1      | Reached XP level 1. HP: 13/13 MP: 3/3
   358 | D:1      | Gained mutation: You have a pair of small antennae on your
                  | head. [demonic ancestry]
   358 | D:1      | Reached XP level 2. HP: 13/19 MP: 0/5
   629 | D:1      | Reached skill level 5 in Necromancy
   979 | D:2      | Gained mutation: A meltable shield of frost defends you.
                  | (SH +4) [demonic ancestry]
   979 | D:2      | Reached XP level 3. HP: 20/24 MP: 1/6
  1990 | D:3      | Noticed Jessica
  2004 | D:2      | Killed Jessica
  2005 | D:2      | Gained mutation: You have a pair of antennae on your head.
                  | [demonic ancestry]
  2005 | D:2      | Reached XP level 4. HP: 29/30 MP: 1/8
  2311 | D:3      | Found a faded altar of an unknown god.
  2623 | D:3      | Reached skill level 6 in Necromancy
  2649 | D:3      | Found an iron altar of Okawaru.
  3174 | D:3      | Found a runed translucent door.
  3175 | D:3      | Noticed Crazy Yiuf
  3369 | D:4      | Noticed Sigmund
  3485 | D:4      | Killed Sigmund
  3486 | D:4      | Reached skill level 7 in Necromancy
  3486 | D:4      | Gained mutation: You regenerate magic rapidly. [demonic
                  | ancestry]
  3486 | D:4      | Reached XP level 5. HP: 35/35 MP: 3/10
  3486 | D:4      | Reached XP level 6. HP: 41/41 MP: 3/11
  3662 | D:4      | Found a stormy altar of Qazlal.
  3669 | D:4      | Found a shadowy altar of Dithmenos.
  3885 | D:4      | Found a stormy altar of Qazlal.
  3919 | D:4      | Found a hide-covered altar of Uskayaw.
  3948 | D:4      | Found a hazy altar of Hepliaklqana.
  4038 | D:4      | Became a worshipper of Hepliaklqana the Forgotten
  4351 | D:5      | Entered Level 5 of the Dungeon
  4408 | D:5      | Noticed a sky beast
  4471 | D:5      | Found a basalt altar of Yredelemnul.
  4511 | D:5      | Noticed Menkaure
  4895 | D:6      | Reached skill level 8 in Necromancy
  4945 | D:6      | Gained mutation: You have a pair of large antennae on your
                  | head. (SInv) [demonic ancestry]
  4945 | D:6      | Reached XP level 7. HP: 42/46 MP: 9/13
  4964 | D:6      | Reached * piety under Hepliaklqana
  5160 | D:5      | Found a blossoming altar of Fedhas.
  5324 | D:6      | You fall into a shaft and drop 3 floors!
  5333 | D:9      | Found a staircase to the Lair.
  5334 | D:9      | Noticed a komodo dragon
  5344 | D:9      | Noticed a shadow
  5428 | D:9      | Noticed a yak
  5429 | D:9      | Noticed a yak
  5429 | D:9      | Noticed a yak
  5429 | D:9      | Noticed a yak
  5463 | D:9      | Noticed a wraith
  5469 | D:9      | Noticed a vampire
  5485 | D:9      | Noticed a yak
  5880 | D:8      | Found Vebroepi's Antique Armour Boutique.
  5912 | D:8      | Noticed a gargoyle
  5951 | D:8      | Reached skill level 9 in Necromancy
  5965 | D:8      | Bought a heavily runed ring mail for 234 gold pieces
  5965 | D:8      | Identified the +1 ring mail "Wiku" {rElec rPois} (You
                  | bought it in a shop on level 8 of the Dungeon)
  5979 | D:8      | Learned a level 3 spell: Vampiric Draining
  5996 | D:7      | Noticed an unseen horror
  6023 | D:7      | Killed an unseen horror
  6024 | D:7      | Reached skill level 5 in Spellcasting
  6024 | D:7      | Reached XP level 8. HP: 46/46 MP: 3/16
  6077 | D:7      | Noticed a hornet
  6084 | D:7      | Noticed a kobold demonologist
  6094 | D:7      | Killed a hornet
  6095 | D:7      | Reached skill level 10 in Necromancy
  6100 | D:7      | Noticed a two-headed ogre
  6220 | D:6      | Noticed Prince Ribbit
  6229 | D:6      | Killed Prince Ribbit
  6350 | D:6      | Reached ** piety under Hepliaklqana
  6351 | D:6      | Remembered your ancestor Izel as a knight
  6522 | D:6      | Reached skill level 11 in Necromancy
  6720 | D:7      | Found Rosin's Jewellery Shoppe.
  6853 | D:7      | Reached XP level 9. HP: 51/51 MP: 14/18
  6932 | D:7      | Found a staircase to the Ecumenical Temple.
  7007 | D:7      | Noticed a red devil
  7011 | D:7      | Noticed a smoke demon
  7021 | Temple   | Entered the Ecumenical Temple
  7023 | Temple   | Noticed a hellwing
  7039 | Temple   | Noticed a smoke demon
  7042 | Temple   | Noticed a red devil
  7048 | Temple   | HP: 3/76 [red devil/+0 vampiric demon trident[a kobold
                  | demonologist] (2)]
  7048 | Temple   | Killed a kobold demonologist
  7049 | Temple   | Reached skill level 12 in Necromancy
  7225 | D:7      | Slain by a two-headed ogre

Illustrated notes

Levels and vault maps discovered:
D:1:      grunt_arrival_crossed_arrows, layout_rooms, grunt_decor_arrowhead
D:2:      layout_loops_corners
D:3:      layout_loops_corners, okawaru_metal_pillars_1_2,
          shapermc_ecumenical_altar_hornbeckon, grunt_ministairs_14,
          kennysheep_generic_room_2, uniq_crazy_yiuf_cottage, uniq_jessica
D:4:      layout_basic, overflow_temple_1_default, mainiacjoe_overflow_alcove_1,
          mainiacjoe_overflow_concentric_impassable, kennysheep_mini,
          nicolae_qazlal_general_emergency, hangedman_decor_points,
          minmay_misc_feat_nine_boxes, kennysheep_flooded_box, uniq_sigmund
D:5:      layout_loops_ring, fedhas_altar_decomposition,
          lemuel_coloured_pillars_altar, uniq_menkaure
D:6:      layout_gridville, uniq_prince_ribbit1
D:7:      layout_gridville, mainiacjoe_overflow_paths, lemuel_crystal_altar,
          minmay_temple_entry_junction, serial_shops, nicolae_stop_n_shop_1,
          st_stairs_12
D:8:      layout_basic, serial_shops, shop_statue, minmay_radiant
D:9:      layout_loops_corners, mainiacjoe_overflow_six_doors_small,
          mainiacjoe_overflow_surrounded_room, kennysheep_mini_moat,
          david_lair_shrubbed
Temple:   nicolae_temple_figure_zero

Skill      XL: |  1  2  3  4  5  6  7  8  9 |
---------------+----------------------------+-----
Necromancy     | 5 7 8 9 11 12 | 12.2
Spellcasting   | 3 4 5 6 7 |  7.1
Dodging        | |  1.7
Stealth        | |  1.7

Action                   |  1- 3 |  4- 6 |  7- 9 || total
-------------------------+-------+-------+-------++-------
Melee: Short sword       |    14 |    48 |    49 ||   111
       Punch             |       |     1 |     1 ||     2
Throw: Dart              |       |     2 |     4 ||     6
 Cast: Pain              |    69 |   112 |    77 ||   258
       Vampiric Draining |       |       |     9 ||     9
Invok: Recall Ancestor   |       |       |     2 ||     2
       Ancestor Life: Kn |       |       |     1 ||     1
       Ancestor Identity |       |       |     1 ||     1
Evoke: Wand              |       |       |     1 ||     1
  Use: Potion            |       |     5 |     3 ||     8
       Scroll            |       |       |     3 ||     3
 Stab: Invisible         |       |     4 |       ||     4
Armor: Robe              |     4 |     9 |     3 ||    16
       Skin              |       |    12 |   137 ||   149
       Ring mail         |       |       |    31 ||    31
Dodge: Dodged            |    16 |    13 |    59 ||    88
Block: Other             |       |    12 |    24 ||    36

Table legend: (Time is in decaauts)
 A = Elapsed time spent in this place.
 B = Non-inter-level travel time spent in this place.
 C = Inter-level travel time spent in this place.
 D = Time resting spent in this place.
 E = Time spent auto-exploring this place.
 F = Levels seen in this place.
 G = Mean time per level.
                   A        B        C        D        E       F      G
               +--------+--------+--------+--------+--------+-----+--------+
         Total |   7222 |   7114 |    108 |   1011 |   3057 |  10 |  722.2 |
       Dungeon |   7114 |   7006 |    108 |    953 |   3057 |   9 |  790.4 |
        Temple |    108 |    108 |      0 |     58 |      0 |   1 |  108.0 |
               +--------+--------+--------+--------+--------+-----+--------+

Top non-repeatable levels by time:
     D:3: 1278 daAuts
     D:6: 1182 daAuts
     D:4: 1078 daAuts
     D:2: 1035 daAuts
     D:1: 970 daAuts
     D:9: 537 daAuts
     D:5: 536 daAuts
     D:7: 375 daAuts
     D:8: 120 daAuts
  Temple: 108 daAuts
